 Dungeon Crawl Stone Soup version 0.24-a0-176-gc3651c4 (webtiles) character file.

Game seed: 12431015011172258530

92 Lanoc the Chopper (level 4, -1/35 HPs)
             Began as a Formicid Gladiator on Mar 12, 2019.
             Slain by an ogre
             ... wielding a +0 giant spiked club
              (12 damage)
             ... on level 3 of the Dungeon.
             The game lasted 00:02:47 (2047 turns).

Lanoc the Chopper (Formicid Gladiator)              Turns: 2047, Time: 00:02:48

Health: -1/35      AC: 10    Str: 18    XL:     4   Next: 90%
Magic:  4/4        EV:  8    Int:  8    God:
Gold:   61         SH:  0    Dex: 13    Spells: 3/3 levels left

rFire    . . .     SeeInvis +   a - +0 war axe
rCold    . . .     Gourm    .   (no shield)
rNeg     . . .     Faith    .   m - +2 chain mail {rPois}
rPois    +         Spirit   .   (helmet unavailable)
rElec    .         Reflect  .   (no cloak)
rCorr    .         Harm     .   (no gloves)
MR       .....                  (no boots)
Stlth    ..........             (no amulet)
HPRegen  0.11/turn              (no ring)
MPRegen  0.09/turn              (no ring)

@: no status effects
A: permanent stasis, dig shafts and tunnels, four strong arms, antennae 3
a: Dig, Shaft Self


You were on level 3 of the Dungeon.
You were not hungry.

You visited 1 branch of the dungeon, and saw 4 of its levels.

You collected 61 gold pieces.

Inventory:

Hand Weapons
 a - a +0 war axe (weapon)
 g - a +4 hunting sling
Missiles
 c - 5 throwing nets (quivered)
Armour
 m - a +2 chain mail of poison resistance (worn)
Scrolls
 e - a scroll of immolation {unknown}
 f - 2 scrolls of enchant armour {unknown}
 h - a scroll of magic mapping {unknown}
 i - a scroll of teleportation {unknown}
 k - a scroll of amnesia {unknown}
Potions
 b - a potion of might {unknown}
 j - 2 potions of curing {unknown}
 n - a potion of magic {unknown}
Comestibles
 d - 2 rations
 l - 3 chunks of flesh


   Skills:
 + Level 3.0 Fighting
 * Level 4.0 Axes
 - Level 2.0 Throwing
 + Level 1.7 Armour
 + Level 3.1 Dodging


You had 3 spell levels left.
You didn't know any spells.
Your spell library was empty.

Dungeon Overview and Level Annotations

Branches:
Dungeon (4/15)
 Temple: D:4-7

Altars:
Vehumet


Innate Abilities, Weirdness & Mutations

You cannot be hasted, slowed, berserked, paralysed or teleported.
You can dig through walls and to a lower floor.
Your four strong arms can wield two-handed weapons with a shield.
You have a pair of large antennae on your head. (SInv)


Message History

There is a stone staircase leading up here.
You climb upwards.
There is a stone staircase leading down here.
You hit the ogre.
The ogre is lightly wounded.
The ogre hits you with a +0 giant spiked club.
* * * LOW HITPOINT WARNING * * *
You hit the ogre.
The ogre is moderately wounded.
The ogre closely misses you.
You hit the ogre.
The ogre is moderately wounded.
The ogre closely misses you.
You barely miss the ogre.
The ogre is moderately wounded.
The ogre barely misses you.
You slash the ogre!
The ogre is severely wounded.
The ogre hits you with a +0 giant spiked club!
You die...

........####.######
.............# ##.
........####.# ..
##....(....#.#
.###.###......##.#.#
...#..........##.#.#
...........#..#(<#.#
.......######.####.#
.......>@O.........#
........###........#
.....#).###.#.####.######
...(.#........# #........
.#...#..###...# #..######
#............# #..#
####.#..##....# #..####
.....##.##....# #.....#
.........#....# ##.##.#


You could see an ogre.

Vanquished Creatures
  Robin (D:2)
  An adder (D:3)
  3 gnolls (D:2)
  An ooze (D:3)
  A dart slug (D:2)
  A leopard gecko (D:2)
  A bat (D:2)
  2 giant cockroaches
  9 goblins
  5 hobgoblins
  3 kobolds (D:2)
  A quokka (D:2)
  2 frilled lizards (D:2)
  6 rats
37 creatures vanquished.

Vanquished Creatures (others)
  A frilled lizard (D:4)
1 creature vanquished.

Grand Total: 38 creatures vanquished

Notes
Turn   | Place    | Note
-------+----------+-------------------------------------------
     0 | D:1      | Lanoc the Formicid Gladiator began the quest for the Orb.
     0 | D:1      | Reached XP level 1. HP: 16/16 MP: 1/1
    62 | D:2      | Reached XP level 2. HP: 13/23 MP: 2/2
   559 | D:2      | Noticed Robin
   567 | D:2      | Reached XP level 3. HP: 11/28 MP: 3/3
   568 | D:2      | Reached skill level 1 in Armour
  1377 | D:2      | Killed Robin
  1377 | D:2      | Reached XP level 4. HP: 18/34 MP: 4/4
  1532 | D:2      | Found a radiant altar of Vehumet.
  1910 | D:3      | Reached skill level 4 in Axes
  2013 | D:4      | Noticed an ogre
  2047 | D:3      | Slain by an ogre

Levels and vault maps discovered:
D:1:      wander_arrival_desolate, layout_loops_ring
D:2:      layout_basic, fiery_altar_vehumet, lemuel_statue_altar, uniq_robin
D:3:      layout_basic, ebering_ghost_sewer_d
D:4:      layout_basic, kennysheep_little_box, grunt_qazlal_clouds,
          kennysheep_mini, xom_confusion_cloud

Skill      XL: |  1  2  3  4 |
---------------+-------------+-----
Armour         | 1 |  1.7
Dodging        | 3 |  3.1
Fighting       | 3 |  3.0
Axes           | 4 |  4.0
Throwing       | |  2.0

Action                   |  1- 3 |  4- 6 || total
-------------------------+-------+-------++-------
Melee: War axe           |    80 |    32 ||   112
  Eat: Chunk             |     1 |     3 ||     4
Armor: Leather armour    |    12 |     2 ||    14
       Chain mail        |       |     8 ||     8
Dodge: Dodged            |    66 |    19 ||    85

Table legend:
 A = Non-vault XP
 B = Vault XP
 C = Vault XP percentage of total XP
 D = Non-vault monster count
 E = Vault monster count
 F = Vault count percentage of total count
                 A         B        C        D         E       F
            +---------+---------+-------+---------+---------+-------
      Total |      96 |      36 |  27.3 |      24 |      13 |  35.1
            +---------+---------+-------+---------+---------+-------
        D:1 |       3 |       0 |   0.0 |       2 |       0 |   0.0
        D:2 |      68 |      27 |  28.4 |      18 |       8 |  30.8
        D:3 |      25 |       9 |  26.5 |       4 |       5 |  55.6
            +---------+---------+-------+---------+---------+-------
